 Dungeon Crawl Stone Soup version 0.20.1-1-g8b1a95d (webtiles) character file.

29 slep the Skirmisher (level 3, 0/29 HPs)
             Began as a Demonspawn Abyssal Knight on Oct 29, 2017.
             Was a Follower of Lugonu.
             Slain by a jackal (1 damage)
             ... on level 1 of the Dungeon.
             The game lasted 00:03:21 (487 turns).

slep the Skirmisher (Demonspawn Abyssal Knight)      Turns: 487, Time: 00:03:22

Health: 0/29       AC:  3    Str: 12    XL:     3   Next: 1%
Magic:  4/4        EV: 11    Int: 13    God:    Lugonu [*.....]
Gold:   20         SH:  0    Dex: 13    Spells: 2/2 levels left

rFire    . . .     SeeInvis .   a - +1 falchion
rCold    . . .     Gourm    .   (no shield)
rNeg     . . .     Faith    .   b - +0 leather armour
rPois    .         Spirit   .   (no helmet)
rElec    .         Reflect  .   (no cloak)
rCorr    .         Harm     .   (no gloves)
MR       .....                  (no boots)
Stlth    +.........             (no amulet)
Regen    0.1/turn               (no ring)
MPRegen  0.1/turn               (no ring)

@: no status effects
A: claws 1, rot immunity
a: Depart the Abyss, Renounce Religion


You were on level 1 of the Dungeon.
You worshipped Lugonu.
Lugonu was aware of your devotion.
You were not hungry.

You visited 1 branch of the dungeon, and saw 1 of its levels.
You visited the Abyss 1 time.

You collected 20 gold pieces.

Inventory:

Hand Weapons
 a - a +1 falchion (weapon)
Missiles
 f - 2 tomahawks (quivered)
Armour
 b - a +0 leather armour (worn)
Scrolls
 e - a scroll of identify {unknown}
 j - a scroll of enchant weapon {unknown}
Potions
 d - a potion of degeneration {unknown}
 h - a potion of curing {unknown}
 i - 2 potions of heal wounds {unknown}
Comestibles
 c - a bread ration
 g - 4 chunks of flesh


   Skills:
 + Level 3.4 Fighting
 + Level 2.2 Long Blades
 + Level 2.1 Armour
 + Level 1.0 Dodging
 + Level 0.2 Stealth
 + Level 2.5 Invocations


You had 2 spell levels left.
You didn't know any spells.

Dungeon Overview and Level Annotations

Branches:
Dungeon (1/15)

Altars:


Innate Abilities, Weirdness & Mutations

You have sharp fingernails.
You are immune to rotting.


Message History

* * * LOW HITPOINT WARNING * * *
You barely miss the jackal.
The jackal is severely wounded.
The jackal bites you.
* * * LOW HITPOINT WARNING * * *
You closely miss the jackal.
The jackal is severely wounded.
The jackal bites you but does no damage.
The jackal bites you.
* * * LOW HITPOINT WARNING * * *
You hit the jackal.
You kill the jackal!
Lugonu accepts your kill.
You have reached level 3!
Your experience leads to an increase in your attributes!
Increase (S)trength, (I)ntelligence, or (D)exterity?
You feel agile.
Your demonic ancestry asserts itself...
Your fingernails lengthen.
The jackal bites you.
You die...

#.##...........
#
#.#############
. #.# ####. #.#
.....##### #.#
#......# #.# #
#......# #.# #
#....).#####.#
#####
#.....brh@...#
#....
.........#######
#)### .#.......#
#.# .........#
##.###
#####.####
#..... #. #.....
#. #.....
####.....
#........


You could see a jackal, a bat and a rat.

Vanquished Creatures
  An ooze (D:1)
  A leopard gecko (D:1)
  2 giant cockroaches (D:1)
  2 goblins (D:1)
  6 hobgoblins (D:1)
  A jackal (D:1)
  2 kobolds (D:1)
  A ball python (D:1)
  A bat (D:1)
  2 frilled lizards (D:1)
  3 rats (D:1)
22 creatures vanquished.

Notes
Turn   | Place    | Note
-------+----------+-------------------------------------------
     0 | Abyss:1  | slep the Demonspawn Abyssal Knight began the quest for the Orb.
     0 | Abyss:1  | Reached XP level 1. HP: 18/18 MP: 2/2
    31 | Abyss:1  | Noticed an angel
    38 | D:1      | Escaped the Abyss
    42 | D:1      | Noticed an electric eel
    42 | D:1      | Noticed an electric eel
    77 | D:1      | Reached * piety under Lugonu
   116 | D:1      | Gained mutation: You are immune to rotting. [demonic ancestry]
   116 | D:1      | Reached XP level 2. HP: 12/24 MP: 3/3
   208 | D:1      | Reached skill level 1 in Dodging
   486 | D:1      | HP: 1/24 [jackal (1)]
   487 | D:1      | Gained mutation: You have sharp fingernails. [demonic ancestry]
   487 | D:1      | Reached XP level 3. HP: 1/29 MP: 4/4
   487 | D:1      | Slain by a jackal

Skill      XL: |  1  2 |
---------------+-------+-----
Armour         | 2 |  2.1
Long Blades    | 2 |  2.2
Dodging        | 1 |  1.0
Fighting       | |  3.4
Stealth        | |  0.2
Invocations    | |  2.5

Action                   || total
-------------------------++-------
Melee: Falchion          ||    63
Invok: Depart the Abyss  ||     1
 Stab: Sleeping          ||     1
Armor: Leather armour    ||    15
Dodge: Dodged            ||    29
       Rpst.: Falchion   ||     9
